 Dungeon Crawl Stone Soup version 0.26-a0-651-gb41185065b (webtiles) character file.

Game seed: 12957665531811319609

1658 Ozzies the Covert (level 8, 0/46 HPs)
             Began as a Vampire Enchanter on Oct 6, 2020.
             Was a Believer of Dithmenos.
             Killed by divine providence
             ... invoked by an orc priest
              (8 damage)
             ... on level 6 of the Dungeon.
             The game lasted 00:19:11 (5685 turns).

Ozzies the Covert (Vampire Enchanter)               Turns: 5685, Time: 00:19:12

Health: 0/46       AC: 12    Str: 15    XL:     8   Next: 68%
Magic:  1/11       EV: 15    Int: 18    God:    Dithmenos [**....]
Gold:   358        SH:  0    Dex: 14    Spells: 5/11 levels left

rFire    . . .     SeeInvis +   r - +5 short sword (protect)
rCold    + + .     Faith    .   (no shield)
rNeg     + + +     Spirit   .   b - +0 robe
rPois    ∞         Reflect  .   (no helmet)
rElec    .         Harm     .   (no cloak)
rCorr    .         Rampage  .   v - +2 pair of gloves
MR       .....                  (no boots)
Stlth    +++++++++.             e - amulet of magic regeneration
HPRegen  0.00/turn              o - +6 ring of strength
MPRegen  0.37/turn              (no ring)

@: protection aura, very slightly contaminated, bloodless, wreathed by umbra
A: fangs 3, see invisible, unbreathing
a: Bat Form, Revivify, Shadow Step, Renounce Religion


You were on level 6 of the Dungeon.
You worshipped Dithmenos.
Dithmenos was pleased with you.
You visited 1 branch of the dungeon, and saw 8 of its levels.
You also visited: Sewer.

You collected 358 gold pieces.

Inventory:

Hand Weapons
 q - a +0 short sword
 r - a +5 short sword of protection (weapon)
 C - a +0 rapier
 E - the +5 scythe "Finisher" {speed, eviscerate}
   (You found it on level 7 of the Dungeon)

   Attacks with this weapon are significantly faster.
Missiles
 u - 2 throwing nets (quivered) {!f}
Armour
 b - a +0 robe (worn)
 p - a +1 kite shield of reflection
 v - a +2 pair of gloves (worn)
 D - the +1 robe of the Cooper {-Cast rF++ Str+5}
   (You found it on level 8 of the Dungeon)

   It affects your strength (+5).
   It greatly protects you from fire.
   It prevents spellcasting.
Jewellery
 e - an amulet of magic regeneration (around neck)
 o - a +6 ring of strength (left hand)
Scrolls
 a - a scroll of fog {unknown}
 d - 4 scrolls of identify
 g - 2 scrolls of teleportation
 h - 2 scrolls of enchant weapon
 i - a scroll of vulnerability {unknown}
 k - 4 scrolls of immolation
 l - a scroll of enchant armour {unknown}
 m - a scroll of magic mapping {@r5 !r}
 s - 4 scrolls of remove curse {unknown}
 y - a scroll of blinking {unknown}
Potions
 c - 5 potions of curing {unknown}
 f - 3 potions of mutation {unknown}
 n - 2 potions of magic {unknown}
 t - 2 potions of stabbing {unknown}
 w - 2 potions of haste {unknown}
 x - 2 potions of degeneration {unknown}
 z - 2 potions of lignification {unknown}
 A - a potion of cancellation {unknown}
 B - a potion of might {unknown}


   Skills:
 - Level 3.0 Fighting
 - Level 4.0 Short Blades
 - Level 5.0 Dodging
 * Level 12.8 Stealth
 - Level 2.0 Spellcasting
 - Level 7.0 Hexes


You had 5 spell levels left.
You knew the following spells:

 Your Spells              Type           Power        Failure   Level
a - Corona                Hex            ####...      1%          1
b - Ensorcelled Hibernat  Hex/Ice        ##....       6%          2
c - Confusing Touch       Hex            ####....     3%          3

Your spell library contained the following spells:

 Spells                   Type           Power        Failure   Level
 Tukima's Dance           Hex            ####....     3%          3
 Dazzling Flash           Conj/Hex       ##....       13%         3
 Fulminant Prism          Conj/Hex       ##........   38%         4
 Lightning Bolt           Conj/Air       #.........   99%         5
 Spellforged Servitor     Conj/Summ      #.........   100%        7


Dungeon Overview and Level Annotations

Branches:
Dungeon (8/15)              Sewer (visited)
 Temple: D:4-7         Lair: D:8-11

Altars:
Dithmenos
Gozag
Sif Muna
Vehumet
Zin
The Shining One

Shops:
D:3 *


Innate Abilities, Weirdness & Mutations

You do not regenerate when monsters are visible.
You are frail without blood (-20% HP).
You can heal yourself when you bite living creatures.
You are immune to poison.
You have razor-sharp teeth.
You have supernaturally acute eyesight. (SInv)
You can survive without breathing.


Message History

The orc wizard barely misses you.
Casting: Confusing Touch (dangerous; 3% risk of failure)
Confirm with . or Enter, or press ? or * to list all spells.
Aiming: Ensorcelled Hibernation (safe; 6% risk of failure)
Press: ? - help, Shift-Dir - straight line, f - orc wizard
Aim: an orc wizard, wielding a +0 dagger and wearing a +0 robe (slightly transparent, umbra, chance to defeat MR: 45%)
The orc wizard resists with some effort.
The orc priest calls down the wrath of Beogh upon you.
Beogh smites you!
The orc wizard points at you and mumbles some strange words.
The magic dart hits you.
Casting: Ensorcelled Hibernation (safe; 6% risk of failure)
Confirm with . or Enter, or press ? or * to list all spells.
Aiming: Ensorcelled Hibernation (safe; 6% risk of failure)
Press: ? - help, Shift-Dir - straight line, f/p - orc wizard
Aim: an orc wizard, wielding a +0 dagger and wearing a +0 robe (slightly transparent, umbra, chance to defeat MR: 45%)
The orc wizard looks drowsy...
The orc priest looks satisfied for a moment.
The helpless orc wizard fails to defend itself.
You bite the orc wizard, and draw its blood!
You feel better.
You skewer the orc wizard like a kebab!!!
Your weapon exudes an aura of protection.
You kill the orc wizard!
Dithmenos accepts your kill.
You can now step into the shadows of nearby creatures.
Casting: Ensorcelled Hibernation (safe; 6% risk of failure)
Confirm with . or Enter, or press ? or * to list all spells.
Aiming: Ensorcelled Hibernation (safe; 6% risk of failure)
Press: ? - help, Shift-Dir - straight line, f - orc
Aim: an orc, wielding a +0 club (umbra, chance to defeat MR: 62%)
The orc resists with significant effort.
The orc hits you with a +0 club.
You puncture the orc!
You kill the orc!
Dithmenos accepts your kill.
Casting: Ensorcelled Hibernation (safe; 6% risk of failure)
Confirm with . or Enter, or press ? or * to list all spells.
Aiming: Ensorcelled Hibernation (safe; 6% risk of failure)
Press: ? - help, Shift-Dir - straight line, f - orc priest
Aim: an orc priest, wielding a +0 flail (umbra, chance to defeat MR: 45%)
The orc priest resists with some effort.
The orc priest completely misses you.
Casting: Ensorcelled Hibernation (safe; 6% risk of failure)
Confirm with . or Enter, or press ? or * to list all spells.
Aiming: Ensorcelled Hibernation (safe; 6% risk of failure)
Press: ? - help, Shift-Dir - straight line, f/p - orc priest
Aim: an orc priest, wielding a +0 flail (umbra, chance to defeat MR: 45%)
The orc priest resists with some effort.
The orc priest barely misses you.
Casting: Ensorcelled Hibernation (safe; 6% risk of failure)
Confirm with . or Enter, or press ? or * to list all spells.
Aiming: Ensorcelled Hibernation (safe; 6% risk of failure)
Press: ? - help, Shift-Dir - straight line, f/p - orc priest
Aim: an orc priest, wielding a +0 flail (umbra, chance to defeat MR: 45%)
The orc priest resists with some effort.
The orc priest closely misses you.
You closely miss the orc priest.
You hit the orc priest but do no damage.
You bite the orc priest.
You draw the orc priest's blood!
You feel better.
The orc priest is lightly wounded.
The orc priest invokes the aid of Beogh against you.
Beogh smites you!
You barely miss the orc priest. Your bite misses the orc priest.
The orc priest is lightly wounded.
The orc priest closely misses you.
You hit the orc priest.
The orc priest is moderately wounded.
The orc priest hits you with a +0 flail.
You hit the orc priest.
The orc priest is heavily wounded.
The orc priest mumbles some strange prayers to Beogh against you.
Beogh smites you!
Casting: Ensorcelled Hibernation (safe; 6% risk of failure)
Confirm with . or Enter, or press ? or * to list all spells.
You miscast Confusing Touch.
You are very lightly contaminated with residual magic.
Nothing appears to happen.
The orc priest closely misses you.
You barely miss the orc priest. You bite the orc priest.
You draw the orc priest's blood!
You feel better.
The orc priest is heavily wounded.
The orc priest invokes the aid of Beogh against you.
Beogh smites you!
* * * LOW HITPOINT WARNING * * *
You hit the orc priest but do no damage.
The orc priest is heavily wounded.
The orc priest hits you but does no damage.
You closely miss the orc priest.
The orc priest is heavily wounded.
The orc priest looks encouraged for a moment.
The orc priest barely misses you.
Casting: Confusing Touch (dangerous; 3% risk of failure)
Confirm with . or Enter, or press ? or * to list all spells.
Aiming: Corona (safe; 1% risk of failure)
Press: ? - help, Shift-Dir - straight line, f/p - orc priest
Aim: an orc priest, wielding a +0 flail (heavily wounded, umbra, chance to defeat MR: 67%)
The orc priest is outlined in light.
The orc priest calls down the wrath of Beogh upon you.
Beogh smites you!
You die...

***,* *,*#.#### #.###.
,,,,* *,*#.# #.....
***,* ******,*#.#
#####.
***,*****,,,,,,##.# #.
,,,,,,,,,,,,***#..#
#########.
***,*****,*,* #.##
#.........
***,*****,*,* #?#
#.#######.
*,,,,,,,,,*,* #.# *,*
#. ,,,*,****,,,* #@#
*,* #. *,***,*
*,*,***#o# *,* #.
**,*,** *,,,,,,.o# *,*
*** #. **,,**
*,,***#..# **,***,**#.
**,** **,,*,#..#
*,*,,,*,*## .,,*
*,*,*...#******,***,**
.*** *,***#...,,,,****
*,* ,,* *,,,,..##***,*
*,* ,,* *,*,**** *,*
*,*


You could see 2 orc priests.

Vanquished Creatures
  4 wraiths (D:7)
  2 ogres
  An ice beast (D:8)
  3 bullfrogs
  A wight (D:7)
  An orc priest (D:3)
  A bullfrog skeleton (D:4)
  5 orc wizards
  4 worker ants
  4 gnolls (D:4)
  9 adders
  2 white imps
  6 oozes
  An adder skeleton (D:5)
  2 worms (D:6)
  2 dart slugs (D:1)
  12 leopard geckos
  13 orcs
  8 bats
  A bat skeleton (D:2)
  A bat zombie (D:2)
  10 giant cockroaches
  6 goblins
  7 hobgoblins
  9 jackals (D:3)
  10 ball pythons
  14 frilled lizards
  2 kobolds (D:3)
  4 rats
145 creatures vanquished.

Vanquished Creatures (others)
  2 plants (D:3)
2 creatures vanquished.

Grand Total: 147 creatures vanquished

Notes
Turn   | Place    | Note
-------+----------+-------------------------------------------
     0 | D:1      | Ozzies the Vampire Enchanter began the quest for the Orb.
     0 | D:1      | Reached XP level 1. HP: 13/13 MP: 3/3
   225 | D:1      | Reached skill level 5 in Stealth
   230 | D:1      | Reached XP level 2. HP: 1/15 MP: 3/5
   498 | D:1      | Learned a level 2 spell: Ensorcelled Hibernation
  1457 | D:2      | Reached skill level 5 in Hexes
  1569 | D:2      | Reached XP level 3. HP: 14/19 MP: 2/6
  1972 | D:2      | You fall into a shaft and drop 1 floor!
  1976 | D:3      | Reached skill level 6 in Stealth
  2002 | D:3      | Reached XP level 4. HP: 22/24 MP: 2/7
  2065 | D:3      | Reached skill level 7 in Stealth
  2237 | D:3      | Reached XP level 5. HP: 28/28 MP: 8/8
  2244 | D:3      | Reached skill level 8 in Stealth
  2674 | D:3      | Found Gozag's Platinum Reserve.
  2674 | D:3      | Found an opulent altar of Gozag.
  3050 | D:4      | Found a glowing silver altar of Zin.
  3072 | D:4      | Reached XP level 6. HP: 33/33 MP: 9/9
  3296 | D:4      | Found a shimmering blue altar of Sif Muna.
  3556 | D:4      | Found a glowing golden altar of the Shining One.
  3681 | D:4      | Found a shadowy altar of Dithmenos.
  3692 | D:4      | Found a radiant altar of Vehumet.
  3706 | D:4      | Became a worshipper of Dithmenos the Shadowed
  3730 | D:5      | Entered Level 5 of the Dungeon
  3833 | D:5      | Identified the Handbook of Conjuration
  3887 | D:5      | Reached skill level 1 in Fighting
  3924 | D:5      | Reached skill level 9 in Stealth
  3932 | D:5      | Learned a level 3 spell: Confusing Touch
  4403 | D:6      | Found a glowing drain.
  4451 | Sewer    | Entered a sewer
  4663 | Sewer    | Reached XP level 7. HP: 38/38 MP: 3/10
  4698 | Sewer    | Reached * piety under Dithmenos
  5300 | D:6      | You fall into a shaft and drop 2 floors!
  5322 | D:8      | Reached skill level 10 in Stealth
  5367 | D:8      | Got a dull robe
  5377 | D:8      | Identified the +1 robe of the Cooper {-Cast rF++ Str+5}
                  | (You found it on level 8 of the Dungeon)
  5478 | D:7      | Noticed a wraith
  5481 | D:7      | Killed a wraith
  5481 | D:7      | Reached XP level 8. HP: 45/45 MP: 11/11
  5485 | D:7      | Found the +5 scythe "Finisher" {speed, eviscerate}
  5486 | D:7      | Reached skill level 11 in Stealth
  5504 | D:7      | Reached skill level 5 in Dodging
  5504 | D:7      | Reached skill level 12 in Stealth
  5574 | D:7      | Found a shadowy altar of Dithmenos.
  5670 | D:6      | Reached ** piety under Dithmenos
  5685 | D:6      | Killed from afar by an orc priest

Illustrated notes

Levels and vault maps discovered:
D:1:      dpeg_arrival_pits, layout_basic, amethyst_killhole
D:2:      layout_basic, kennysheep_vampire_church, minivault_5, st_stairs_11
D:3:      layout_loops_cross, nicolae_gozag_zags_fifth_avenue,
          serial_bayou_pond_e
D:4:      layout_loops_ring, nicolae_overflow_quartered_altars, zin_statuary,
          chequers_garden
D:5:      layout_rooms
D:6:      layout_loops_ring, cheibrodos_sewer_entry_bend, minmay_misc_feat_tiny
D:7:      layout_rooms, temple_hall, basic_altar, minmay_guarded_unrand_finisher
D:8:      layout_gridville

Skill      XL: |  1  2  3  4  5  6  7  8 |
---------------+-------------------------+-----
Stealth        | 5 6 7 8 9 10 12 | 12.8
Hexes          | 5 6 7 |  7.0
Fighting       | 1 2 3 |  3.0
Short Blades   | 2 3 4 |  4.0
Dodging        | 3 4 5 |  5.0
Spellcasting   | |  2.0

Action                   |  1- 3 |  4- 6 |  7- 9 || total
-------------------------+-------+-------+-------++-------
Melee: Dagger            |    80 |    21 |       ||   101
       Bite              |     5 |     4 |     8 ||    17
       Short sword       |       |   100 |   102 ||   202
 Cast: Corona            |     6 |     7 |     6 ||    19
       Ensorcelled Hiber |    16 |    47 |    35 ||    98
       Confusing Touch   |       |       |     4 ||     4
 Abil: Exsanguinate      |     1 |       |       ||     1
  Use: Scroll            |       |     5 |       ||     5
 Stab: Sleeping          |    17 |    50 |    29 ||    96
       Confused          |       |       |     2 ||     2
Armor: Robe              |    41 |    24 |    22 ||    87
Dodge: Dodged            |    97 |    88 |   108 ||   293

Table legend: (Time is in decaauts)
 A = Elapsed time spent in this place.
 B = Non-inter-level travel time spent in this place.
 C = Inter-level travel time spent in this place.
 D = Time resting spent in this place.
 E = Time spent auto-exploring this place.
 F = Levels seen in this place.
 G = Mean time per level.
                   A        B        C        D        E       F      G
               +--------+--------+--------+--------+--------+-----+--------+
         Total |   5816 |   5559 |    257 |    772 |   3468 |   9 |  646.2 |
       Dungeon |   4880 |   4623 |    257 |    742 |   2908 |   8 |  610.0 |
         Sewer |    935 |    935 |      0 |     30 |    560 |   1 |  935.0 |
               +--------+--------+--------+--------+--------+-----+--------+

Top non-repeatable levels by time:
     D:1: 1390 daAuts
     D:3: 953 daAuts
   Sewer: 935 daAuts
     D:4: 898 daAuts
     D:2: 574 daAuts
     D:5: 526 daAuts
     D:6: 230 daAuts
     D:7: 196 daAuts
     D:8: 110 daAuts
